 Dungeon Crawl Stone Soup version 0.31-a0-202-g547052bce9 (webtiles) character file.

Game seed: 17686026541369906589

157 qw the Skirmisher (level 5, -5/29 HPs)
             Began as a Deep Elf Hunter on June 26, 2023.
             Slain by Blork the orc
             ... wielding a +0 glaive
              (8 damage)
             ... on level 4 of the Dungeon.
             The game lasted 00:00:46 (2507 turns).

qw the Skirmisher (Deep Elf Hunter)                 Turns: 2507, Time: 00:00:47

Health: -5/29      AC:  7    Str: 10    XL:     5   Next: 15%
Magic:  7/7        EV: 11    Int: 14    God:
Gold:   76         SH:  0    Dex: 18    Spells: 4/4 levels left

rFire   . . .        Y - +1 shortbow
rCold   . . .        (shield currently unavailable)
rNeg    . . .        d - +0 ring mail
rPois   .            (no helmet)
rElec   .            g - +1 cloak
rCorr   .            (no gloves)
SInv    .            (no boots)
Will    .....        (no amulet)
Stlth   +            (no ring)
HPRegen 0.24/turn    (no ring)
MPRegen 0.10/turn

%: no passive effects
@: no status effects
A: no striking features
a: no special abilities


You were on level 4 of the Dungeon.
You visited 1 branch of the dungeon, and saw 4 of its levels.

You collected 76 gold pieces.


   Skills:
 - Level 1.5 Fighting
 + Level 8.6 Ranged Weapons
 - Level 2.4 Dodging
 - Level 1.2 Stealth


You had 4 spell levels left.
You didn't know any spells.
Your spell library was empty.

Inventory:

Hand Weapons
 Y - a +1 shortbow (weapon)
Armour
 d - a +0 ring mail (worn)
 g - a +1 cloak (worn)
Wands
 f - a wand of digging (6)
Potions
 a - a potion of brilliance {unknown}
 e - 2 potions of heal wounds
 h - a potion of enlightenment {unknown}

Dungeon Overview and Level Annotations

Branches:
Dungeon (4/15)
 Temple: D:4-7

Altars:

Annotations:
D:4 Blork the orc


Message History

Enter note: Done exploring.
(D) Dungeon
Where to? (* - list waypoints, Enter - D:3, ? - help)
What level of the Dungeon? (default 1, ? - help)
You see here a +0 mace.
There is an open door here.
There is an open door here.
There is a stone staircase leading down here.
You climb downwards.
There is a stone staircase leading up here.
A ball python is nearby!
Waypoint 3 assigned to D:4.
You shoot an arrow. The arrow hits the ball python!
You kill the ball python!
Blork the orc comes into view.
He is wielding a +0 glaive.
Found an escape hatch in the ceiling.
You shoot an arrow. The arrow hits Blork the orc!
Blork the orc is moderately wounded.
You shoot an arrow. The arrow hits Blork the orc.
Blork the orc is moderately wounded.
Blork the orc points at you and mumbles some strange words.
The magic dart hits you.
2498 ||| FLEEEEING.
2499 ||| STILL FLEEEEING.
You start resting.
Blork the orc is nearby!
You shoot an arrow. The arrow hits Blork the orc.
Blork the orc is moderately wounded.
You shoot an arrow. The arrow closely misses Blork the orc.
Blork the orc hits you from afar with a +0 glaive.
You shoot an arrow. The arrow hits Blork the orc.
Blork the orc is heavily wounded.
Blork the orc gestures at you while chanting.
The puff of frost hits you.
You shoot an arrow. The arrow closely misses Blork the orc.
Blork the orc misses you.
You shoot an arrow. The arrow hits Blork the orc.
Blork the orc is heavily wounded.
Blork the orc hits you from afar with a +0 glaive! x2
You die...

<......
.......
.......
.......
.....
...
#####.#
#<@.o.#
#######


You could see Blork the orc.

Vanquished Creatures
  Terence (D:2)
  Jessica (D:2)
  3 adders
  A worm (D:3)
  2 dart slugs
  An orc (D:2)
  10 ball pythons
  4 bats
  6 endoplasms
  3 giant cockroaches
  5 goblins
  2 hobgoblins
  8 jackals (D:1)
  7 kobolds
  A quokka (D:1)
  4 frilled lizards
  6 rats
65 creatures vanquished.

Notes
Turn   | Place    | Note
-------+----------+-------------------------------------------
     0 | D:1      | qw the Deep Elf Hunter began the quest for the Orb.
     0 | D:1      | Reached XP level 1. HP: 12/12 MP: 3/3
     0 | D:1      | 0 ||| qw: Version: 0.3-a-22-g0ed2b0b
     0 | D:1      | 0 ||| qw: Game counter: 5886
     0 | D:1      | 0 ||| qw: Melee chars always use a shield: true
     0 | D:1      | 0 ||| qw: God list: Okawaru
     0 | D:1      | 0 ||| qw: Allow faded altars: false
     0 | D:1      | 0 ||| qw: Do Orc after clearing Dungeon:15 true
     0 | D:1      | 0 ||| qw: Do second Lair branch before Depths: true
     0 | D:1      | 0 ||| qw: Lair rune preference: random
     0 | D:1      | 0 ||| qw: Goals: Normal
     0 | D:1      | 0 ||| PLANNING D:1-11
    55 | D:1      | Reached XP level 2. HP: 16/16 MP: 4/4
    59 | D:1      | Reached skill level 6 in Ranged Weapons
   601 | D:1      | 601 ||| UPGRADING to +0 cloak.
   606 | D:1      | 606 ||| READING scroll labelled GICAFARESAU.
   607 | D:1      | 607 ||| READING scroll labelled XEOB EMICOKH.
   608 | D:1      | 608 ||| READING scroll labelled EPUDYH ZAPO.
   609 | D:1      | 609 ||| DRINKING 2 silvery potions.
   713 | D:1      | 713 ||| DROPPING scroll of butterflies.
   714 | D:1      | 714 ||| DROPPING potion of berserk rage.
   764 | D:2      | Reached XP level 3. HP: 20/20 MP: 5/5
   942 | D:2      | Reached skill level 7 in Ranged Weapons
   992 | D:2      | Noticed Terence
   993 | D:2      | 993 ||| Stepping ~*~*~tactically~*~*~ (outnumbered).
  1010 | D:2      | HP: 3/20 [Terence/+0 short sword (3)]
  1012 | D:2      | Killed Terence
  1013 | D:2      | Reached XP level 4. HP: 5/25 MP: 6/6
  1254 | D:2      | Noticed Jessica
  1261 | D:2      | Killed Jessica
  1262 | D:2      | Reached skill level 8 in Ranged Weapons
  1604 | D:2      | 1604 ||| UPGRADING to +0 scale mail.
  1614 | D:2      | 1614 ||| DROPPING +0 leather armour.
  1615 | D:2      | 1615 ||| UPGRADING to +0 ring mail.
  1625 | D:2      | 1625 ||| DROPPING +0 scale mail.
  1626 | D:2      | 1626 ||| READING scroll labelled JAAQIO QORUNIQ.
  1627 | D:2      | 1627 ||| READING 2 scrolls labelled NUMEOCL VOERR.
  1628 | D:2      | 1628 ||| READING scroll of enchant armour.
  1628 | D:2      | 1628 ||| ENCHANTING +0 cloak.
  1629 | D:2      | 1629 ||| DRINKING 2 fuming orange potions.
  2196 | D:3      | Reached XP level 5. HP: 29/29 MP: 7/7
  2495 | D:4      | Noticed Blork the orc
  2498 | D:4      | 2498 ||| FLEEEEING.
  2507 | D:4      | HP: 3/29 [Blork the orc/+0 glaive (14)]
  2507 | D:4      | Slain by Blork the orc

Levels and vault maps discovered:
D:1:      lightli_arrival_farm, layout_basic, serial_bayou_pond_d
D:2:      layout_basic, minmay_misc_feat_iff, wad_floor_pattern_2, uniq_jessica,
          uniq_terence
D:3:      layout_loops_corners
D:4:      layout_basic, kennysheep_small_circle, uniq_crazy_yiuf_cottage,
          uniq_eustachio, uniq_sigmund, uniq_blork_the_orc

Skill      XL: |  1  2  3  4 |
---------------+-------------+-----
Ranged Weapons | 6 7 8 |  8.6
Fighting       | |  1.5
Dodging        | |  2.4
Stealth        | |  1.2

Action                     |  1- 3 |  4- 6 || total
---------------------------+-------+-------++-------
   Fire: Shortbow          |    92 |    68 ||   160
    Use: Scroll            |     3 |     3 ||     6
         Potion            |     1 |     1 ||     2
 Armour: Leather armour    |     5 |       ||     5
  Dodge: Dodged            |    24 |     7 ||    31

Table legend:
 A = Non-vault XP
 B = Vault XP
 C = Vault XP percentage of total XP
 D = Non-vault monster count
 E = Vault monster count
 F = Vault count percentage of total count
                 A         B        C        D         E       F
            +---------+---------+-------+---------+---------+-------
      Total |     150 |      75 |  33.3 |      63 |       2 |   3.1
            +---------+---------+-------+---------+---------+-------
        D:1 |      40 |       0 |   0.0 |      24 |       0 |   0.0
        D:2 |      54 |      75 |  58.1 |      22 |       2 |   8.3
        D:3 |      55 |       0 |   0.0 |      16 |       0 |   0.0
        D:4 |       1 |       0 |   0.0 |       1 |       0 |   0.0
            +---------+---------+-------+---------+---------+-------
